 Dungeon Crawl Stone Soup version 0.20.1-1-g8b1a95d (webtiles) character file.

102 JayJay1191 the Changer (level 4, -1/32 HPs)
             Began as a Merfolk Transmuter on Dec 6, 2017.
             Slain by a big kobold
             ... wielding a +0 whip
              (7 damage)
             ... in a sewer.
             The game lasted 00:23:00 (2400 turns).

JayJay1191 the Changer (Merfolk Transmuter)         Turns: 2400, Time: 00:23:01

Health: -1/32      AC:  2    Str: 10    XL:     4   Next: 77%
Magic:  8/8        EV: 16    Int: 13    God:
Gold:   27         SH:  0    Dex: 14    Spells: 4/8 levels left

rFire    . . .     SeeInvis .     - Unarmed
rCold    . . .     Gourm    .   (no shield)
rNeg     . . .     Faith    .   b - +0 robe
rPois    .         Spirit   .   (no helmet)
rElec    .         Reflect  .   (no cloak)
rCorr    .         Harm     .   (no gloves)
MR       .....                  (boots currently unavailable)
Stlth    ++........             (no amulet)
Regen    0.1/turn               (no ring)
MPRegen  0.2/turn               (no ring)

@: appendage (expiring), very quick
A: change form in water, swift swim, stealthy swim, horns 2
a: End Transformation


You were in a sewer.
You were not hungry.
You had grown temporary horns.
You visited 1 branch of the dungeon, and saw 3 of its levels.
You also visited: Sewer.

You collected 27 gold pieces.

Inventory:

Missiles
 a - 84 arrows (quivered)
Armour
 b - a +0 robe (worn)
Wands
 o - a wand of disintegration (17/24)
Scrolls
 e - 3 scrolls of identify {unknown}
 f - 3 scrolls of fog {unknown}
 i - a scroll of teleportation {unknown}
 n - a scroll of random uselessness {unknown}
Potions
 g - a potion of lignification {unknown}
 h - a potion of might {unknown}
 j - 2 potions of invisibility {unknown}
 k - 2 potions of heal wounds {unknown}
 l - a potion of curing {unknown}
 m - a potion of brilliance {unknown}
 q - 2 potions of degeneration {unknown}
Books
 c - a book of Changes

   Spells                             Type                      Level
   a - Beastly Appendage              Transmutation                1
   b - Sticks to Snakes               Transmutation                2
   c - Spider Form                    Transmutation/Poison         3
   d - Ice Form                       Ice/Transmutation            4
   e - Blade Hands                    Transmutation                5
Comestibles
 d - 2 bread rations
 p - 3 chunks of flesh


   Skills:
 - Level 1.1 Fighting
 - Level 2.6 Dodging
 - Level 3.5 Unarmed Combat
 * Level 2.7 Spellcasting
 * Level 4.5 Transmutations
 * Level 2.1 Poison Magic


You had 4 spell levels left.
You knew the following spells:

 Your Spells              Type           Power        Failure   Level  Hunger
a - Beastly Appendage     Tmut           ##....       3%          1    #......
b - Spider Form           Tmut/Pois      ##........   19%         3    ###....


Dungeon Overview and Level Annotations

Branches:
Dungeon (3/15)

Altars:


Innate Abilities, Weirdness & Mutations

You revert to your normal form in water.
You are very nimble and swift while swimming.
You are very stealthy in the water. (Stealth+)
You have a pair of horns on your head.


Message History

You hit the big kobold.
Your tail-slap misses the big kobold.
The big kobold is moderately wounded.
The big kobold splashes around in the water.
You hit the big kobold.
The big kobold is heavily wounded.
The big kobold hits you but does no damage.
You hit the big kobold.
The big kobold is heavily wounded.
The big kobold misses you.
You hit the big kobold.
The big kobold is severely wounded.
You feel sick.
You are no longer poisoned.
The big kobold hits you with a whip!
* * * LOW HITPOINT WARNING * * *
You barely miss the big kobold. You headbutt the big kobold.
You tail-slap the big kobold.
The big kobold is almost dead.
The big kobold hits you with a whip!
You die...

#..(≈......###.###
#..≈≈≈≈..≈.≈.....###### ##
..K#.≈≈≈≈≈≈Kh≈≈≈≈≈≈≈≈≈≈≈≈###≈
....K..K≈≈≈≈≈≈≈≈≈≈≈≈≈≈≈≈≈≈≈≈≈≈≈
....h#.K≈≈≈≈≈≈≈≈≈≈≈≈≈≈≈≈≈≈≈≈###
..≈..#≈≈≈≈≈≈..≈.≈.....#######
.≈≈≈ #..≈h..(KK.####### #.≈.
#########K## ##. #@# #≈# #≈#
#≈# #≈# #≈# #(# #≈# #≈#


You could see a big kobold, a jackal and 3 kobolds.

Vanquished Creatures
  A worker ant (D:3)
  An adder (D:3)
  4 worms
  2 dart slugs
  A leopard gecko (D:3)
  A goblin (D:1)
  7 hobgoblins
  7 jackals
  2 ball pythons
  5 bats
  3 frilled lizards
  11 kobolds
  11 rats
56 creatures vanquished.

Notes
Turn   | Place    | Note
-------+----------+-------------------------------------------
     0 | D:1      | JayJay1191 the Merfolk Transmuter began the quest for the Orb.
     0 | D:1      | Reached XP level 1. HP: 15/15 MP: 3/3
   190 | D:1      | Reached XP level 2. HP: 21/21 MP: 3/5
   202 | D:1      | Reached skill level 3 in Transmutations
   768 | D:2      | Found a faded altar of an unknown god.
   785 | D:2      | Reached XP level 3. HP: 22/26 MP: 4/6
   793 | D:2      | Learned a level 3 spell: Spider Form
  1310 | D:2      | Reached skill level 1 in Poison Magic
  1591 | D:3      | Reached skill level 4 in Transmutations
  1591 | D:3      | Reached XP level 4. HP: 19/32 MP: 5/7
  1912 | D:3      | Found a glowing drain.
  2269 | Sewer    | Entered a sewer
  2354 | Sewer    | Noticed a big kobold
  2400 | Sewer    | Slain by a big kobold

Skill      XL: |  1  2  3  4 |
---------------+-------------+-----
Transmutations | 3 4 |  4.5
Poison Magic   | 1 2 |  2.1
Fighting       | |  1.1
Dodging        | |  2.6
Unarmed Combat | |  3.5
Spellcasting   | |  2.7

Action                   |  1- 3 |  4- 6 || total
-------------------------+-------+-------++-------
Melee: Unarmed           |   126 |    81 ||   207
       Headbutt          |    18 |    15 ||    33
       Tailslap          |       |     1 ||     1
       Punch             |       |     1 ||     1
 Cast: Beastly Appendage |    20 |     9 ||    29
 Stab: Sleeping          |     3 |     2 ||     5
  Eat: Bread ration      |     1 |       ||     1
       Chunk             |     1 |       ||     1
Armor: Robe              |    26 |     5 ||    31
Dodge: Dodged            |   104 |    68 ||   172
